 Dungeon Crawl Stone Soup version 0.25-a0-424-g80bd347ae0 (webtiles) character file.

Game seed: 8106242438045583950, levelgen mode: deterministic

672 Laukis the Shield-Bearer (level 7, 0/52 HPs)
             Began as a Demonspawn Fighter on Jan 22, 2020.
             Was an Initiate of Makhleb.
             Killed by divine providence
             ... invoked by an orc priest
              (6 damage)
             ... on level 5 of the Dungeon.
             The game lasted 00:12:11 (5110 turns).

Laukis the Shield-Bearer (Demonspawn Fighter)       Turns: 5110, Time: 00:12:12

Health: 0/52       AC: 18    Str: 21    XL:     7   Next: 32%
Magic:  0/7        EV:  8    Int:  9    God:    Makhleb [......]
Gold:   220        SH: 10    Dex: 13    Spells: 6/6 levels left

rFire    . . .     SeeInvis .   a - +0 long sword
rCold    . . .     Gourm    .   c - +0 shield
rNeg     . . .     Faith    .   e - +2 ring mail {rPois}
rPois    +         Spirit   +   (no helmet)
rElec    .         Reflect  .   (no cloak)
rCorr    +         Harm     .   n - +0 pair of gloves
MR       .....                  (no boots)
Stlth    +.........             (no amulet)
HPRegen  0.17/turn              m - +3 ring of strength
MPRegen  0.10/turn              p - ring of resist corrosion

@: sanguine armour
A: powered by death 2, magic shield, sanguine armour 2
a: Renounce Religion


You were on level 5 of the Dungeon.
You worshipped Makhleb.
Makhleb was noncommittal.
You were not hungry.

You visited 2 branches of the dungeon, and saw 6 of its levels.

You collected 220 gold pieces.

Inventory:

Hand Weapons
 a - a +0 long sword (weapon)
Missiles
 q - 16 poisoned darts (quivered)
Armour
 c - a +0 shield (worn)
 e - a +2 ring mail of poison resistance (worn)
 n - a +0 pair of gloves (worn)
 t - a cursed +0 pair of boots
Jewellery
 m - a +3 ring of strength (left hand)
 p - a ring of resist corrosion (right hand)
Scrolls
 d - a scroll of identify
 h - a scroll of remove curse
 j - a scroll of immolation {unknown}
 k - a scroll of fog {unknown}
 l - a scroll of blinking {unknown}
 s - a scroll of teleportation
 u - a scroll of magic mapping {unknown}
Potions
 g - a potion of agility {unknown}
 i - a potion of curing {unknown}
 o - a potion of heal wounds
 r - 2 potions of flight
Comestibles
 f - 9 rations


   Skills:
 - Level 3.0 Fighting
 * Level 4.8 Long Blades
 + Level 4.2 Armour
 * Level 5.4 Shields


You had 6 spell levels left.
You didn't know any spells.
Your spell library contained the following spells:

 Spells                   Type           Power        Failure   Level  Hunger
 Animate Skeleton         Necr           N/A          92%         1    ##.....
 Apportation              Tloc           #.....       92%         1    ##.....
 Corona                   Hex            #......      92%         1    ##.....
 Summon Small Mammal      Summ           #...         92%         1    ##.....
 Confusing Touch          Hex            #.......     100%        3    ####...
 Gell's Gravitas          Tloc           #.........   100%        3    ####...
 Petrify                  Tmut/Erth      #.......     100%        4    #####..
 Metabolic Englaciation   Hex/Ice        #.........   100%        5    ######.
 Yara's Violent Unravell  Hex/Tmut       #.........   100%        5    ######.


Dungeon Overview and Level Annotations

Branches:
Dungeon (5/15)             Temple (1/1) D:5

Altars:
Ashenzari
Cheibriados
Dithmenos
Elyvilon
Fedhas
Gozag
Hepliaklqana
Kikubaaqudgha
Makhleb
Nemelex Xobeh
Okawaru
Qazlal
Ru
Sif Muna
Trog
Uskayaw
Vehumet
Wu Jian
Xom
Yredelemnul
Zin
The Shining One


Innate Abilities, Weirdness & Mutations

You regenerate health from kills.
When hurt, damage is shared between your health and your magic reserves.
When seriously injured, your bleeding wounds create thick armour. (AC +9)


Message History

Your shield and ring mail prevent you from hitting the ogre.
The ogre is almost dead.
The ogre closely misses you.
You riposte.
You slash the ogre!
You kill the ogre!
Makhleb accepts your kill. You block the orc priest's attack.
You hit the orc priest but do no damage.
The orc priest barely misses you.
You riposte.
You hit the orc priest.
The orc priest is moderately wounded.
You completely miss the orc priest.
The orc priest is moderately wounded.
The orc priest barely misses you.
You riposte.
You closely miss the orc priest.
The orc priest is moderately wounded.
You closely miss the orc priest.
The orc priest is moderately wounded.
The orc priest hits you.
* * * LOW HITPOINT WARNING * * *
The orc priest invokes the aid of Beogh against you.
Beogh smites you!
You die...

######## #.# ##.#.# #.
#......# ####.# #.#.# #.
#......# #....# #.#.###.
#......# #.######## #...##..
#......# #...[....# ##....).
#......# #..#####.####...>.#
#......# #..# ......>...#
#......# #..# ###########
#......# #.@# ...####
#......# #o)######.......
#......# #.......Oo......
#......########.######....?..
#......รท........# ......5
#......########## ....!..
#......### ....O..
######[...# .......
....['....# .......


You could see an orc priest.

Vanquished Creatures
  3 ogres
  A bullfrog (D:3)
  Blork the orc (D:4)
  A hound (D:4)
  An orc wizard (D:5)
  2 worker ants
  3 gnolls
  7 adders
  An ooze (D:3)
  A worm (D:2)
  4 dart slugs
  2 leopard geckos (D:5)
  9 orcs
  3 giant cockroaches
  4 goblins
  A hobgoblin (D:1)
  4 jackals (D:2)
  5 quokkas
  2 ball pythons
  8 bats
  3 frilled lizards
  10 kobolds
  9 rats
85 creatures vanquished.

Notes
Turn   | Place    | Note
-------+----------+-------------------------------------------
     0 | D:1      | Laukis the Demonspawn Fighter began the quest for the Orb.
     0 | D:1      | Reached XP level 1. HP: 18/18 MP: 1/1
   187 | D:1      | Gained mutation: You regenerate a little health from kills.
                  | [demonic ancestry]
   187 | D:1      | Reached XP level 2. HP: 22/24 MP: 2/2
   216 | D:1      | Reached skill level 3 in Shields
   871 | D:2      | Gained mutation: You regenerate health from kills. [demonic
                  | ancestry]
   871 | D:2      | Reached XP level 3. HP: 13/29 MP: 3/3
  1895 | D:2      | Reached XP level 4. HP: 30/35 MP: 4/4
  3233 | D:4      | Noticed a bullfrog
  3253 | D:3      | Killed a bullfrog
  3253 | D:3      | Reached skill level 4 in Shields
  3253 | D:3      | Gained mutation: When seriously injured, your bleeding
                  | wounds create armour. (AC +9) [demonic ancestry]
  3253 | D:3      | Reached XP level 5. HP: 31/41 MP: 5/5
  3473 | D:4      | Noticed a phantom
  3922 | D:4      | Noticed Blork the orc
  3939 | D:4      | Killed Blork the orc
  3939 | D:4      | Gained mutation: When seriously injured, your bleeding
                  | wounds create thick armour. (AC +9) [demonic ancestry]
  3939 | D:4      | Reached XP level 6. HP: 5/47 MP: 6/6
  4286 | D:4      | Found a sacrificial altar of Ru.
  4467 | D:5      | Entered Level 5 of the Dungeon
  4519 | D:5      | Found a staircase to the Ecumenical Temple.
  4533 | D:5      | Reached skill level 5 in Shields
  4533 | D:5      | Gained mutation: When hurt, damage is shared between your
                  | health and your magic reserves. [demonic ancestry]
  4533 | D:5      | Reached XP level 7. HP: 24/52 MP: 7/7
  4649 | Temple   | Entered the Ecumenical Temple
  4762 | Temple   | Became a worshipper of Makhleb the Destroyer
  5110 | D:5      | Killed from afar by an orc priest

Levels and vault maps discovered:
D:1:      erik_arrival_blinker_ship, layout_loops_ring
D:2:      layout_basic, st_stairs_8, mrwooster_statue_mirror
D:3:      layout_loops_ring, first_ration
D:4:      layout_rooms, lemuel_round_altar, kennysheep_generic_room_12,
          uniq_blork_the_orc
D:5:      layout_basic, minmay_temple_entry_offerings, uniq_pikel
Temple:   kilobyte_greek_temple

Skill      XL: |  1  2  3  4  5  6 |
---------------+-------------------+-----
Long Blades    | 2 3 4 |  4.8
Shields        | 3 4 5 |  5.4
Armour         | 3 4 |  4.2
Fighting       | |  3.0

Action                   |  1- 3 |  4- 6 |  7- 9 || total
-------------------------+-------+-------+-------++-------
Melee: Long sword        |   137 |   224 |    53 ||   414
  Use: Potion            |       |     1 |       ||     1
       Scroll            |       |     4 |       ||     4
  Eat: Chunk             |     3 |     6 |     2 ||    11
       Ration            |       |     1 |       ||     1
Armor: Scale mail        |    79 |    83 |    26 ||   188
       Ring mail         |       |       |     3 ||     3
Dodge: Dodged            |    51 |    69 |    18 ||   138
Block: Shield            |    73 |   108 |    28 ||   209
       Rpst.: Long sword |    11 |    21 |     6 ||    38

Table legend:
 A = Non-vault XP
 B = Vault XP
 C = Vault XP percentage of total XP
 D = Non-vault monster count
 E = Vault monster count
 F = Vault count percentage of total count
                 A         B        C        D         E       F
            +---------+---------+-------+---------+---------+-------
      Total |     818 |     142 |  14.8 |      80 |       5 |   5.9
            +---------+---------+-------+---------+---------+-------
        D:1 |      38 |       0 |   0.0 |      16 |       0 |   0.0
        D:2 |     104 |       2 |   1.9 |      23 |       2 |   8.0
        D:3 |     140 |       0 |   0.0 |      19 |       0 |   0.0
        D:4 |     219 |     140 |  39.0 |      13 |       3 |  18.8
        D:5 |     317 |       0 |   0.0 |       9 |       0 |   0.0
            +---------+---------+-------+---------+---------+-------
